 Dungeon Crawl Stone Soup version 0.23-a0-767-gdc19b93d68 (webtiles) character file.

109 Brecoman the Stinger (level 4, -8/26 HPs)
             Began as a Gargoyle Venom Mage on Jan 19, 2019.
             Mangled by an iguana (10 damage)
             ... on level 3 of the Dungeon.
             The game lasted 00:11:36 (2430 turns).

Brecoman the Stinger (Gargoyle Venom Mage)          Turns: 2430, Time: 00:11:43

Health: -8/26      AC:  5    Str: 12    XL:     4   Next: 90%
Magic:  3/8        EV: 12    Int: 16    God:
Gold:   104        SH:  0    Dex: 10    Spells: 2/8 levels left

rFire    . . .     SeeInvis .   g - +0 mace (crush)
rCold    . . .     Gourm    .   (no shield)
rNeg     + . .     Faith    .   t - +0 robe (curse)
rPois    ∞         Spirit   .   u - +0 hat {MR+}
rElec    +         Reflect  .   (no cloak)
rCorr    .         Harm     .   (no gloves)
MR       +....                  (no boots)
Stlth    ++........             s - amulet of rage
HPRegen  0.08/turn              (no ring)
MPRegen  0.11/turn              (no ring)

@: no status effects
A: negative energy resistance 1, electricity resistance, unbreathing,
petrification resistance, rot immunity, AC +3
a: Evoke Berserk Rage


You were on level 3 of the Dungeon.
You were not hungry.

You visited 1 branch of the dungeon, and saw 3 of its levels.

You collected 104 gold pieces.

Inventory:

Hand Weapons
 g - a +0 mace of crushing (weapon)
 o - a +3 dagger of venom
Missiles
 m - 101 stones (quivered)
Armour
 a - a +0 robe
 t - a cursed +0 robe (worn)
 u - a +0 hat of magic resistance (worn)
Jewellery
 s - an amulet of rage (around neck)
Scrolls
 e - 4 scrolls of identify
 h - a scroll of noise {unknown}
 k - 3 scrolls of remove curse
 l - a scroll of enchant weapon {unknown}
 p - a scroll of magic mapping {unknown}
 q - 2 scrolls of teleportation {unknown}
 v - a scroll of immolation {unknown}
Potions
 b - a potion of magic {unknown}
 d - a potion of lignification {unknown}
 i - 2 potions of mutation {unknown}
 j - 3 potions of flight
 n - a potion of curing {unknown}
 r - a potion of degeneration {unknown}
Comestibles
 c - 3 rations
 f - 2 chunks of flesh


   Skills:
 + Level 1.9 Fighting
 - Level 1.5 Dodging
 - Level 2.1 Stealth
 + Level 2.6 Spellcasting
 + Level 2.4 Conjurations
 + Level 1.1 Air Magic
 + Level 3.6 Poison Magic


You had 2 spell levels left.
You knew the following spells:

 Your Spells              Type           Power        Failure   Level  Hunger
a - Sting                 Conj/Pois      ##..         5%          1    #......
b - Poisonous Vapours     Pois/Air       #.....       11%         2    ##.....
c - Mephitic Cloud        Conj/Pois/Air  #.......     22%         3    ###....

Your spell library contained the following spells:

 Spells                   Type           Power        Failure   Level  Hunger
 Olgreb's Toxic Radiance  Pois           ##......     41%         4    #####..
 Venom Bolt               Conj/Pois      ##........   83%         5    ######.


Dungeon Overview and Level Annotations

Branches:
Dungeon (3/15)

Altars:
Dithmenos
Makhleb
Nemelex Xobeh

Annotations:
D:3 Grinder


Innate Abilities, Weirdness & Mutations

You are resistant to torment.
Your stone body is resilient. (AC +3)
You are immune to poison.
You resist negative energy. (rN+)
You are resistant to electric shocks. (rElec)
You can survive without breathing.
You are immune to petrification.
You are immune to rotting.


Message History

Casting: Sting (safe; 5% risk of failure)
Confirm with . or Enter, or press ? or * to list all spells.
Aiming: Sting (safe; 5% risk of failure)
Press: ? - help, Shift-Dir - straight line, f/p - iguana
Aim: an iguana (moderately wounded, poisoned)
The sting hits the iguana.
The iguana is moderately wounded.
You hit the iguana.
The iguana is moderately wounded.
The iguana bites you. The iguana closely misses you.
You barely miss the iguana.
The iguana is severely wounded.
The iguana bites you.
You hit the iguana but do no damage.
The iguana is severely wounded.
The iguana looks more healthy.
The iguana bites you!
Ouch! That really hurt!
* * * LOW HITPOINT WARNING * * *
The iguana bites you!
You die...

######.#>. ... #......##. ...
.#### #......# 8.. .....###
#......# ##8 #..
.....(###......## ..
..###..............## ### ..##
......#.....#.......# ###..
....###.#.###.....#####...###...#
..#.............@l...####.....###
............#..........##.....###
........)...#..........##..##....
#......†..............#..#######
#..........##.###.....#..÷...#
#..........##.. #####....#......
####.####...... ##÷..#.####. #..#
###.... #.l..#.. #.## ####....
#.#..#..#


You could see an iguana.

Vanquished Creatures
  3 gnolls (D:2)
  An adder (D:2)
  2 dart slugs
  2 worms
  2 leopard geckos
  An orc (D:3)
  A ball python (D:1)
  2 bats
  3 giant cockroaches
  4 goblins
  7 hobgoblins
  6 jackals
  A quokka (D:2)
  6 frilled lizards
  7 kobolds
  9 rats
57 creatures vanquished.

Notes
Turn   | Place    | Note
-------+----------+-------------------------------------------
     0 | D:1      | Brecoman the Gargoyle Venom Mage began the quest for the
                  | Orb.
     0 | D:1      | Reached XP level 1. HP: 10/10 MP: 3/3
   137 | D:1      | Reached XP level 2. HP: 16/16 MP: 1/5
   447 | D:1      | Learned a level 2 spell: Poisonous Vapours
   475 | D:1      | Reached skill level 1 in Fighting
   981 | D:2      | Reached XP level 3. HP: 20/20 MP: 0/6
  1299 | D:2      | Reached XP level 4. HP: 17/25 MP: 2/7
  1305 | D:2      | Found a burning altar of Makhleb.
  1760 | D:2      | Learned a level 3 spell: Mephitic Cloud
  1895 | D:3      | Reached skill level 1 in Air Magic
  1901 | D:3      | Found a faded altar of an unknown god.
  2005 | D:3      | Noticed Grinder
  2140 | D:3      | Found a sparkling altar of Nemelex Xobeh.
  2301 | D:3      | Found a shadowy altar of Dithmenos.
  2430 | D:3      | Mangled by an iguana

Vault maps used:
D:1:      psy_arrival_whirlpool
D:2:      bloody_makhleb
D:3:      minmay_evil_eye, nicolae_overflow_hidden_temple,
          nemelex_xobeh_ov_fountains_minmay,
          chequers_ecumenical_altar_simple_redux, uniq_grinder

Skill      XL: |  1  2  3  4 |
---------------+-------------+-----
Fighting       | 1 |  1.9
Conjurations   | 2 |  2.4
Air Magic      | 1 |  1.1
Dodging        | |  1.5
Stealth        | |  2.1
Spellcasting   | |  2.6
Poison Magic   | |  3.6

Action                   |  1- 3 |  4- 6 || total
-------------------------+-------+-------++-------
Melee: Unarmed           |     2 |       ||     2
       Dagger            |    14 |     8 ||    22
       Mace              |       |    31 ||    31
 Cast: Sting             |    41 |    48 ||    89
       Mephitic Cloud    |       |     1 ||     1
  Use: Scroll            |       |     2 ||     2
  Eat: Chunk             |     2 |     4 ||     6
Armor: Robe              |     3 |    13 ||    16
Dodge: Dodged            |    11 |    38 ||    49

Table legend:
 A = Non-vault XP
 B = Vault XP
 C = Vault XP percentage of total XP
 D = Non-vault monster count
 E = Vault monster count
 F = Vault count percentage of total count
                 A         B        C        D         E       F
            +---------+---------+-------+---------+---------+-------
      Total |     156 |       1 |   0.6 |      56 |       1 |   1.8
            +---------+---------+-------+---------+---------+-------
        D:1 |      29 |       0 |   0.0 |      17 |       0 |   0.0
        D:2 |      88 |       0 |   0.0 |      19 |       0 |   0.0
        D:3 |      39 |       1 |   2.5 |      20 |       1 |   4.8
            +---------+---------+-------+---------+---------+-------
